Map: [ESL] Site Delta

Players

eGGz - Winner!

  • Race: Zerg Zerg
  • Spawn Location: 11:00

MCanning

  • Race: Protoss Protoss
  • Spawn Location: 5:00

Event: ESL SC2 Masters 2024 Spring (Regional)

VOD

Have the link to the VOD?

Description

Time

  • Played on: April 14, 2024, 11:34 a.m.
  • Length: 20:04

All games in this series

Show
View Real Time Build Order
Export as new Build Order

eGGz Zerg - Winner!

Build Orders: Hatch First 

Get SALT Encoding   

  12  0:00  Drone  
  13  0:12  Overlord  
  13  0:17  Drone  
  14  0:31  Drone  
  14  0:32  Drone  
  16  0:48  Hatchery  
  15  0:52  Drone  
  15  0:55  Drone  
  17  0:58  Drone  
  18  1:09  Extractor  
  17  1:13  Spawning Pool  
  17  1:16  Drone  
  17  1:20  Drone  
  18  1:29  Drone  
  19  1:39  Drone  
  20  1:52  Drone  
  21  2:01  Queen x2  
  23  2:03  Zergling x2, Overlord  
  26  2:11  Drone x2  
  26  2:14  Metabolic Boost  
  28  2:22  Zergling x4  
  30  2:32  Drone  
  31  2:38  Hatchery  
  31  2:42  Drone  
  31  2:43  Overlord  
  31  2:44  Drone  
  32  2:54  Queen  
  32  2:55  Drone  
  32  2:56  Drone  
  36  3:01  Queen  
  38  3:06  Drone x2  
  38  3:11  Drone x3  
  43  3:14  Drone  
  44  3:20  Overlord  
  44  3:23  Overlord  
  44  3:31  Overlord  
  44  3:40  Queen  
  46  3:41  Drone x2  
  46  3:45  Drone  
  46  3:47  Zergling x8  
  53  3:52  Baneling Nest  
  53  3:53  Drone  
  53  3:55  Spore Crawler  
  52  4:01  Spore Crawler, Drone  
  52  4:03  Drone x5  
  57  4:10  Queen  
  57  4:14  Queen  
  61  4:20  Drone x2  
  61  4:21  Drone x2  
  65  4:25  Overlord  
  65  4:30  Spore Crawler  
  64  4:32  Overlord  
  64  4:33  Drone x2  
  65  4:39  Zergling x2  
  65  4:42  Overlord  
  65  4:44  Extractor  
  64  4:49  Drone x2  
  64  4:50  Zergling x10  
  64  4:51  Baneling x5  
  64  4:52  Baneling  
  71  4:57  Drone x3  
  71  4:58  Drone  
  75  5:04  Zergling x12  
  81  5:08  Drone x3  
  80  5:21  Drone x3  
  80  5:25  Drone  
  80  5:26  Lair  
  80  5:27  Drone x3  
  80  5:28  Drone  
  86  5:30  Extractor x2  
  86  5:35  Drone x4, Extractor  
  87  5:37  Evolution Chamber  
  87  5:42  Zergling x10  
  90  5:49  Hatchery  
  89  5:52  Queen  
  89  5:54  Zergling x2  
  89  5:56  Queen  
  90  6:02  Drone  
  90  6:03  Overlord x5  
  89  6:11  Zerg Melee Weapons Level 1  
  88  6:19  Drone x2  
  88  6:21  Extractor  
  88  6:22  Baneling x4  
  89  6:26  Drone x2, Spire  
  89  6:28  Zergling x16  
  94  6:38  Drone x3  
  94  6:39  Hydralisk Den  
  93  6:50  Drone x6  
  93  6:51  Drone  
  95  7:09  Hydralisk x8, Hatchery  
  110  7:17  Grooved Spines  
  110  7:19  Hydralisk x3  
  116  7:27  Drone x2  
  116  7:39  Corruptor x3  
  120  7:47  Hatchery  
  120  7:48  Baneling x3  
  120  7:50  Hatchery  
  118  7:51  Centrifugal Hooks  
  118  7:55  Corruptor  
  118  7:56  Zergling x6  
  123  8:05  Zerg Missile Weapons Level 1  
  121  8:12  Corruptor x3  
  121  8:13  Zergling x6  
  130  8:20  Hatchery  
  130  8:23  Drone x7  
  136  8:28  Overlord x2  
  136  8:29  Overseer  
  136  8:41  Baneling x6  
  136  8:48  Corruptor x2, Hydralisk x3  
  133  8:49  Hydralisk x2  
  147  8:59  Zergling x2  
  147  9:00  Zergling x6  
  151  9:06  Overlord  
  151  9:08  Infestation Pit  
  151  9:09  Drone  
  151  9:10  Evolution Chamber  
  151  9:12  Zergling x16  
  151  9:14  Overlord  
  158  9:30  Hydralisk x4  
  166  9:33  Baneling x8  
  166  9:35  Baneling x10  
  166  9:37  Zergling x10  
  171  9:43  Muscular Augments  
  171  9:45  Zergling x14  
  177  9:49  Spine Crawler  
  172  9:55  Corruptor x2  
  172  9:56  Zergling x6  
  179  10:06  Hive  
  144  10:21  Zergling x26  
  144  10:22  Zergling x20  
  129  10:36  Zergling x28  
  136  10:43  Hydralisk x2  
  136  10:44  Hydralisk x2  
  135  10:53  Corruptor x3  
  135  10:55  Zerg Melee Weapons Level 2  
  140  10:58  Drone  
  140  10:59  Drone x2  
  140  11:03  Baneling x5  
  143  11:05  Baneling x9  
  143  11:11  Drone x3, Extractor x2  
  142  11:12  Corruptor  
  146  11:19  Overseer x2  
  140  11:31  Zergling x6  
  140  11:32  Zergling x28  
  119  11:40  Corruptor x3  
  120  11:47  Corruptor  
  120  11:48  Corruptor  
  120  11:52  Drone  
  120  11:53  Drone x3  
  128  12:05  Hydralisk x6  
  128  12:07  Hydralisk  
  142  12:11  Drone  
  142  12:12  Drone x2  
  142  12:13  Baneling x2  
  142  12:14  Baneling x4  
  142  12:15  Baneling x2  
  145  12:20  Swarm Host  
  145  12:21  Zergling x8  
  145  12:22  Zergling x2  
  153  12:36  Zergling x2  
  153  12:37  Zergling x26  
  163  12:45  Corruptor x3  
  163  12:47  Baneling  
  163  12:48  Baneling x4  
  169  12:51  Zerg Flyer Weapons Level 1  
  169  13:03  Corruptor  
  169  13:04  Corruptor x2  
  170  13:06  Overlord x3  
  170  13:08  Spine Crawler  
  170  13:10  Spore Crawler  
  170  13:11  Spine Crawler  
  167  13:13  Baneling  
  167  13:14  Baneling x11  
  167  13:16  Zerg Missile Weapons Level 2  
  167  13:24  Baneling x7  
  167  13:29  Spore Crawler  
  167  13:32  Spine Crawler  
  167  13:34  Extractor  
  164  13:35  Corruptor x2  
  164  13:36  Extractor  
  167  13:45  Overseer  
  167  13:55  Spire  
  166  14:00  Zergling x44  
  144  14:33  Baneling x9  
  144  14:34  Baneling  
  144  14:37  Ultralisk Cavern  
  141  14:51  Hydralisk x8  
  141  14:52  Zergling x30  
  168  15:00  Overlord x2  
  168  15:01  Overlord  
  168  15:04  Baneling  
  168  15:05  Baneling x14  
  166  15:07  Hatchery  
  151  15:18  Overseer x2  
  143  15:22  Zergling x36  
  144  15:35  Hydralisk x6  
  118  15:47  Chitinous Plating, Zerg Flyer Weapons Level 2  
  115  15:58  Zergling x6  
  115  15:59  Zergling x18  
  125  16:07  Zerg Flyer Armor Level 1  
  125  16:08  Viper x2  
  130  16:14  Zerg Ground Armor Level 1  
  130  16:16  Zerg Melee Weapons Level 3  
  128  16:30  Hydralisk  
  128  16:31  Hydralisk x5  
  126  16:37  Hydralisk x3  
  126  16:38  Zergling x2  
  124  16:51  Hydralisk x4  
  124  16:52  Hydralisk  
  130  17:01  Corruptor x3  
  129  17:08  Extractor  
  132  17:14  Zergling x12, Ultralisk  
  132  17:31  Drone  
  132  17:33  Zergling x18, Ultralisk  
  147  17:42  Adrenal Glands  
  147  17:43  Zergling x6  
  147  17:44  Zergling x4  
  151  17:56  Ultralisk  
  151  17:57  Zergling x8  
  160  18:01  Baneling x5  
  160  18:02  Baneling  
  160  18:12  Corruptor x2  
  162  18:18  Zergling x16  
  168  18:34  Corruptor x3  
  172  18:45  Overlord  
  172  18:46  Ultralisk  
  178  18:50  Baneling x5  
  178  18:53  Drone x3  
  181  18:55  Baneling x8  
  181  19:00  Corruptor  
  183  19:03  Overseer  
  183  19:06  Drone x3  
  167  19:29  Zergling x16  
Show
View Real Time Build Order
Export as new Build Order

MCanning Protoss 

Build Orders: 1 Gate Expand, Oracle Opening 

Get SALT Encoding   

  12  0:00  Probe  
  13  0:12  Probe  
  14  0:20  Pylon  
  14  0:24  Probe  
  15  0:38  Probe (Chrono Boost)  
  15  0:39  Gateway  
  16  0:48  Assimilator  
  16  0:49  Probe (Chrono Boost)  
  17  0:53  Probe (Chrono Boost)  
  18  1:04  Probe  
  19  1:16  Probe  
  20  1:24  Nexus  
  20  1:33  Cybernetics Core  
  20  1:36  Probe (Chrono Boost)  
  21  1:42  Assimilator  
  21  1:48  Probe (Chrono Boost)  
  21  1:52  Pylon  
  22  1:55  Probe (Chrono Boost)  
  23  2:07  Adept (Chrono Boost)  
  23  2:10  Probe  
  26  2:20  Stargate  
  26  2:22  Probe  
  27  2:32  Stalker  
  27  2:34  Probe  
  27  2:36  Probe  
  31  2:39  Warp Gate  
  31  2:46  Probe  
  31  2:48  Probe  
  34  2:58  Probe  
  34  3:00  Probe  
  35  3:10  Probe  
  35  3:11  Void Ray (Chrono Boost)  
  35  3:12  Probe  
  41  3:22  Probe  
  41  3:24  Probe  
  41  3:25  Gateway  
  43  3:33  Pylon  
  43  3:34  Probe  
  43  3:36  Probe  
  43  3:37  Assimilator  
  43  3:40  Assimilator  
  45  3:47  Probe  
  46  3:48  Oracle (Chrono Boost)  
  46  3:50  Pylon  
  46  3:52  Probe  
  50  3:59  Probe  
  51  4:03  Pylon  
  51  4:04  Probe  
  52  4:11  Probe  
  52  4:13  Fleet Beacon  
  52  4:16  Probe  
  54  4:23  Stargate, Probe  
  55  4:28  Probe  
  56  4:36  Nexus  
  56  4:39  Probe  
  56  4:44  Probe  
  57  4:51  Pylon, Probe  
  58  4:53  Tempest (Chrono Boost)  
  58  4:57  Probe  
  64  5:04  Probe  
  65  5:09  Probe  
  65  5:11  Adept  
  73  5:14  Shield Battery  
  73  5:15  Tempest (Chrono Boost)  
  73  5:19  Sentry  
  71  5:33  Pylon x2  
  71  5:45  Tempest (Chrono Boost)  
  71  5:48  Pylon, Probe x2  
  71  5:49  Pylon  
  78  5:53  Adept x2  
  78  5:55  Probe  
  82  6:00  Probe x2  
  87  6:07  Probe  
  87  6:10  Shield Battery  
  88  6:12  Probe x2  
  88  6:13  Tempest (Chrono Boost)  
  88  6:14  Stalker  
  92  6:19  Tempest (Chrono Boost), Probe  
  92  6:24  Probe x2  
  100  6:31  Probe  
  100  6:32  Assimilator  
  101  6:35  Zealot  
  101  6:36  Probe x2  
  105  6:43  Robotics Facility, Probe  
  99  6:48  Probe (Chrono Boost)  
  99  6:50  Probe (Chrono Boost)  
  103  6:55  Probe (Chrono Boost)  
  103  7:00  Probe (Chrono Boost)  
  103  7:01  Void Ray (Chrono Boost)  
  104  7:05  Forge, Probe x2 (Chrono Boost)  
  104  7:06  Twilight Council  
  104  7:07  Probe (Chrono Boost)  
  106  7:10  Zealot x2, Probe (Chrono Boost)  
  106  7:12  Probe  
  106  7:14  Probe  
  117  7:29  Pylon, Unknown, Flux Vanes  
  117  7:30  Pylon  
  117  7:36  Protoss Air Weapons Level 1  
  117  7:37  Robotics Bay  
  117  7:41  Void Ray (Chrono Boost)  
  117  7:47  Probe x3  
  117  7:49  Photon Cannon  
  117  7:50  Photon Cannon  
  120  7:52  Photon Cannon x2  
  120  7:55  Photon Cannon  
  120  7:56  Shield Battery  
  120  7:58  Protoss Ground Weapons Level 1  
  120  7:59  Charge  
  124  8:06  Void Ray (Chrono Boost)  
  124  8:09  Probe  
  124  8:11  Pylon  
  125  8:13  Assimilator  
  125  8:20  Observer (Chrono Boost)  
  125  8:21  Gateway  
  125  8:22  Gateway  
  126  8:29  Void Ray (Chrono Boost)  
  126  8:32  Pylon  
  130  8:35  Gateway  
  130  8:38  Disruptor (Chrono Boost)  
  134  8:41  Zealot  
  134  8:42  Zealot  
  134  8:46  Probe  
  139  8:51  Pylon  
  139  8:54  Void Ray (Chrono Boost)  
  143  8:58  Nexus  
  142  9:04  Disruptor (Chrono Boost)  
  146  9:13  Probe  
  149  9:18  Templar Archives, Void Ray (Chrono Boost)  
  149  9:20  Zealot x3  
  155  9:28  Probe  
  155  9:29  Probe  
  157  9:38  Gateway  
  157  9:39  Gateway  
  157  9:40  Gateway  
  157  9:43  Pylon  
  157  9:48  Nexus  
  154  9:55  Disruptor (Chrono Boost)  
  155  10:01  Stalker  
  155  10:05  Void Ray  
  152  10:16  Void Ray (Chrono Boost)  
  152  10:18  Protoss Air Weapons Level 2  
  142  10:27  Zealot x5  
  107  10:41  Zealot x3  
  112  10:43  Mothership (Chrono Boost)  
  112  10:45  Void Ray (Chrono Boost)  
  112  10:48  Zealot x3  
  112  10:49  Stalker  
  111  10:50  Carrier (Chrono Boost)  
  111  10:51  Probe  
  111  10:55  Shield Battery  
  118  11:01  High Templar  
  118  11:02  High Templar  
  122  11:06  Archon  
  122  11:08  Probe (Chrono Boost)  
  122  11:10  Probe (Chrono Boost)  
  122  11:11  Pylon  
  124  11:13  Zealot x3  
  124  11:16  Disruptor  
  100  11:33  Probe (Chrono Boost)  
  100  11:37  Probe (Chrono Boost)  
  99  11:45  Void Ray (Chrono Boost)  
  99  11:48  Probe (Chrono Boost)  
  99  11:50  Observer, Probe x2 (Chrono Boost)  
  101  11:55  Probe  
  101  11:58  High Templar x2  
  101  12:01  Probe (Chrono Boost)  
  107  12:02  Archon  
  107  12:03  Zealot  
  107  12:07  Probe (Chrono Boost)  
  111  12:13  Probe (Chrono Boost)  
  112  12:16  Probe (Chrono Boost)  
  112  12:17  Probe (Chrono Boost)  
  112  12:19  Zealot  
  112  12:20  Probe (Chrono Boost)  
  112  12:21  High Templar  
  112  12:22  High Templar  
  120  12:26  Archon  
  120  12:35  Zealot x3  
  126  12:44  High Templar x2  
  126  12:45  Psionic Storm  
  126  12:52  Archon, Photon Cannon  
  126  12:54  Pylon  
  126  12:57  Probe  
  127  13:01  High Templar  
  123  13:12  Nexus  
  123  13:16  Pylon  
  123  13:17  High Templar  
  123  13:19  High Templar  
  127  13:23  Zealot  
  129  13:29  High Templar  
  131  13:38  Photon Cannon, Shield Battery  
  135  13:41  Zealot  
  135  13:48  Void Ray (Chrono Boost)  
  137  13:55  High Templar, Void Ray (Chrono Boost)  
  141  13:58  Stalker  
  143  14:03  Zealot x2  
  143  14:04  Zealot  
  139  14:10  Zealot  
  139  14:11  Zealot  
  130  14:21  Zealot  
  130  14:24  Zealot x2  
  127  14:32  High Templar x2  
  127  14:36  Archon  
  131  14:49  Void Ray (Chrono Boost)  
  131  14:51  Stalker  
  133  14:53  Probe  
  133  14:56  Zealot x2  
  130  15:15  Zealot x3  
  102  15:39  Void Ray  
  102  15:40  High Templar  
  88  15:51  Assimilator  
  88  15:57  High Templar  
  88  16:03  Assimilator  
  88  16:07  Assimilator  
  80  16:17  High Templar  
  82  16:19  Pylon, Zealot x2  
  82  16:20  Zealot x2  
  90  16:30  Zealot  
  89  16:39  Zealot  
  87  16:41  Zealot x3  
  89  16:48  Probe  
  90  16:57  Zealot x2  
  94  17:09  Pylon  
  94  17:11  Zealot x3  
  100  17:20  High Templar x2  
  100  17:22  Photon Cannon  
  104  17:25  Archon  
  104  17:26  Photon Cannon  
  102  17:32  High Templar x2  
  102  17:33  Probe  
  107  17:37  Archon  
  107  17:51  Zealot  
  109  17:54  High Templar  
  109  17:55  Zealot  
  109  17:57  Probe  
  112  18:05  Void Ray (Chrono Boost)  
  116  18:07  Zealot x2  
  120  18:13  Zealot  
  120  18:15  Probe  
  125  18:32  Carrier (Chrono Boost)  
  125  18:39  Pylon  
  125  18:40  Void Ray (Chrono Boost)  
  121  18:55  Pylon  
  121  19:06  High Templar  
  123  19:14  Pylon  
  115  19:21  Zealot x2  
  101  19:26  Nexus  
  101  19:29  Pylon, Zealot x3  
  78  19:48  Probe  
Tags
 
Add a new tag
Caveats
  • Supply blocks, unpowered buildings, or Contaminate may cause inaccurate times.
  • Supply counts are checked every 10 seconds.